 Dungeon Crawl Stone Soup version 0.21.1-68-g103a7af (webtiles) character file.

63142 troglodite the Protected (level 14, -1/171 HPs)
             Began as a Demonspawn Berserker on July 31, 2018.
             Was a High Priest of Trog.
             Slain by a tyrant leech (20 damage)
             ... on level 1 of the Swamp on Aug 1, 2018.
             The game lasted 01:21:11 (26812 turns).

troglodite the Protected (Demonspawn Berserker)    Turns: 26812, Time: 01:21:12

Health: -1/171     AC: 24    Str: 23    XL:     14   Next: 67%
Magic:  14/14      EV: 15    Int:  9    God:    Trog [*****.]
Gold:   1324       SH: 36    Dex: 28    Spells: 13/13 levels left

rFire    . . .     SeeInvis .   K - +6 long sword (flame)
rCold    + . .     Gourm    .   M - +18 shield of the Gong {rElec rN+ MR+ EV-5}
rNeg     + . .     Faith    .   P - +1 chain mail {rC+}
rPois    +         Spirit   .   (helmet restricted)
rElec    +         Reflect  +   p - +1 cloak
rCorr    .         Harm     .   F - +2 pair of gloves
MR       ++...                  I - +2 pair of boots
Stlth    ..........             U - +4 amulet of reflection
HPRegen  0.38/turn              D - ring of poison resistance
MPRegen  0.14/turn              Y - +6 ring of dexterity

@: mighty, agile, berserking, very quick
A: horns 2, yellow scales 1, demonic guardian 2, powered by pain 1
a: Berserk, Trog's Hand, Brothers in Arms, Burn Spellbooks, Renounce Religion


You were on level 1 of the Swamp.
You worshipped Trog.
Trog was extremely pleased with you.
You were very hungry.

You visited 4 branches of the dungeon, and saw 23 of its levels.

You collected 2297 gold pieces.
You spent 973 gold pieces at shops.

Inventory:

Hand Weapons
 u - a +1 vampiric double sword
 C - the +8 flail "Wyonicro" {freeze, *Rage rPois Int+7}
   (You found it on level 7 of the Dungeon)

   It has been specially enchanted to freeze those struck by it, causing extra
   injury to most foes and up to half again as much damage against particularly
   susceptible opponents.
   It can also slow down cold-blooded creatures.
   It affects your intelligence (+7).
   It protects you from poison.
   It may make you go berserk in combat.
 K - a +6 long sword of flaming (weapon)
Armour
 p - a +1 cloak (worn)
 F - a +2 pair of gloves (worn)
 I - a +2 pair of boots (worn)
 M - the +18 shield of the Gong (worn) {rElec rN+ MR+ EV-5}
   (You bought it in a shop on level 4 of the Dungeon)

   It affects your evasion (-5).
   It insulates you from electricity.
   It protects you from negative energy.
   It affects your resistance to hostile enchantments.
 P - a +1 chain mail of cold resistance (worn)
Jewellery
 D - a ring of poison resistance (left hand)
 E - an uncursed ring of positive energy
 N - an uncursed ring of stealth
 U - a +4 amulet of reflection (around neck)
 W - an uncursed ring of flight
 Y - a +6 ring of dexterity (right hand)
Wands
 a - a wand of enslavement (12)
 d - a wand of disintegration (30)
 w - a wand of iceblast (8)
 y - a wand of scattershot (8)
 O - a wand of digging (10)
Scrolls
 e - 4 scrolls of fear
 f - 4 scrolls of magic mapping
 h - a scroll of brand weapon
 j - 5 scrolls of fog
 l - 7 scrolls of remove curse
 n - 13 scrolls of teleportation
 q - 10 scrolls of identify
 r - 2 scrolls of enchant armour
 B - a scroll of immolation
Potions
 b - 5 potions of brilliance
 g - 5 potions of haste
 i - a potion of flight
 k - 2 potions of agility
 o - 9 potions of curing
 t - 3 potions of mutation
 v - 2 potions of might
 x - 5 potions of heal wounds
 z - a potion of ambrosia
 G - a potion of resistance
 J - 3 potions of lignification
 R - a potion of berserk rage
 T - a potion of invisibility
Books
 m - a book of Spatial Translocations

   Spells                             Type                      Level
   a - Blink                          Translocation                2
   b - Shroud of Golubria             Charms/Translocation         2
   c - Lesser Beckoning               Translocation                3
   d - Gell's Gravitas                Translocation                3
   e - Teleport Other                 Translocation                3
   f - Passage of Golubria            Translocation                4
   Trog disapproves of the use of such an item.
Comestibles
 c - 27 rations


   Skills:
 * Level 11.7 Fighting
 + Level 10.7 Long Blades
 + Level 5.2 Maces & Flails
 * Level 11.9 Armour
 * Level 9.0 Dodging
 + Level 2.4 Stealth
 * Level 11.2 Shields


You had 13 spell levels left.
You didn't know any spells.

Dungeon Overview and Level Annotations

Branches:
Dungeon (14/15)            Temple (0/1) D:4            Lair (6/6) D:8
  Swamp (1/4) Lair:4        Snake (0/4) Lair:3        Slime (0/5) Lair:6
    Orc (2/2) D:12            Elf (0/3) Orc:2        Vaults (0/5) D:14

Altars:
Ashenzari
Cheibriados
Dithmenos
Fedhas
Gozag
Ru
Uskayaw
The Shining One
Beogh

Shops:
D:4 *   D:6 *   Orc:2 (*(%


Innate Abilities, Weirdness & Mutations

You have a pair of horns on your head.
You are partially covered in yellow scales. (AC +2)
A demonic guardian rushes to your aid.
You sometimes gain a little power by taking damage.


Message History

You slice Roxanne!!
You destroy Roxanne!
Trog accepts your kill.
Trog appreciates your killing of a magic user.
You block the swamp drake's attack.
GONNNNG!
You hear a roar!
You slice the swamp drake!! You burn the swamp drake.
You kill the swamp drake!
Trog accepts your kill. You block the tyrant leech's attack.
PANG!
You hear an angry buzzing noise.
Unknown command.
You closely miss the tyrant leech. You headbutt the tyrant leech!
The tyrant leech is moderately wounded.
Your soul eater hits the tyrant leech!
Your soul eater drains the tyrant leech!
You miss the tyrant leech. You headbutt the tyrant leech!
The tyrant leech is heavily wounded.
The tyrant leech bites you!!
You die...

♣♣. ♣.≈ ♣♣ ♣♣..♣♣♣≈♣♣
♣♣≈...♣..≈♣♣
♣........≈.♣
♣..≈≈≈.≈.♣
♣♣≈≈.....♣♣♣♣ .#
♣≈...:@..♣≈.♣♣♣♣..#
≈.....w3..♣....§♣§..
..≈≈≈≈≈..≈.≈≈≈≈...#
.≈≈≈≈....≈.≈≈≈....#
≈≈..≈≈>.≈≈≈≈.≈≈..#
...≈≈≈.≈≈≈≈≈§≈≈..##
≈≈.≈≈≈....♣♣≈≈≈≈≈.####
≈#≈≈≈≈...≈♣♣≈≈≈≈≈≈....
.....≈..♣♣♣.≈≈≈≈≈....


You could see a tyrant leech and a friendly soul eater.

Vanquished Creatures
  Rupert (Lair:3)
  Roxanne (Swamp:1)
  The ghost of zapotec the Covert, a journeyman GnAs of Dithmenos (Orc:2)
  2 hydras
  Fannar (Lair:2)
  2 two-headed ogres (D:9)
  An orc high priest (Orc:1)
  Urug (D:12)
  Nergalle (Lair:2)
  An unseen horror (D:13)
  A lindwurm (Lair:6)
  Pikel (D:4)
  The ghost of zapotec the Basher, a novice GrFi of the Shining One (D:7)
  An oklob plant (D:14)
  An orc sorcerer (Orc:1)
  A deep elf mage (D:10)
  An ugly thing (D:11)
  A cyclops (D:12)
  10 elephants
  A manticore (D:11)
  3 centaur zombies
  Psyche (D:9)
  3 molten gargoyles (Lair:6)
  6 black mambas
  15 spiny frogs
  A gargoyle (D:13)
  6 komodo dragons
  A rime drake (Lair:2)
  The ghost of LittleStrapony the Skirmisher, an amateur DrBe of Trog (D:4)
  7 trolls
  2 polar bears (Lair:4)
  2 hornets
  6 blink frogs
  3 slime creatures (D:13)
  2 hippogriffs
  3 dream sheep (Lair:6)
  A shadow (D:12)
  2 spriggans
  18 yaks
  4 wraiths
  A steam dragon (Lair:6)
  4 water elementals (D:12)
  8 wyverns
  A hungry ghost (D:8)
  6 vampire mosquitoes
  4 basilisks
  3 wargs
  2 acid dragons
  9 water moccasins
  3 hell hounds (Lair:6)
  6 porcupines
  Duvessa (D:6)
  3 sky beasts
  2 swamp drakes (Swamp:1)
  37 orc warriors
  A black bear (D:12)
  A phantom (D:13)
  2 ice beasts
  A necrophage (D:10)
  8 wolves (Lair:4)
  14 ogres
  21 centaurs
  9 crocodiles
  4 big kobolds
  15 bullfrogs
  Dowan (D:6)
  A wyvern skeleton (D:12)
  A scorpion (Lair:1)
  3 wights (D:11)
  12 killer bees
  14 howler monkeys
  2 electric eels
  5 lava snakes (Lair:6)
  2 crimson imps
  10 jellies (Lair:6)
  4 hounds
  15 orc priests
  15 orc wizards
  2 centaur skeletons
  2 iguanas
  15 worker ants
  A hound skeleton (D:8)
  A howler monkey zombie (D:8)
  2 worker ant zombies (D:7)
  4 gnolls
  A howler monkey skeleton (D:7)
  8 adders
  3 shadow imps
  2 oozes
  An adder skeleton (D:7)
  2 adder zombies
  10 worms
  2 dart slugs (D:1)
  2 leopard geckos
  93 orcs
  7 giant cockroaches
  8 goblins
  9 hobgoblins
  5 jackals (D:6)
  23 kobolds
  5 quokkas
  3 ball pythons
  6 bats
  4 frilled lizards
  2 quokka skeletons
  4 rats (D:2)
  A fungus (Lair:2)
  A plant (Lair:5)
598 creatures vanquished.

Vanquished Creatures (collateral kills)
  Josephine (Lair:5)
  A fire dragon (Lair:6)
  A vault guard (D:14)
  A hydra (Lair:6)
  A centaur warrior (Orc:2)
  3 two-headed ogres
  An alligator (Swamp:1)
  3 skeletal warriors (D:14)
  2 unseen horrors (D:14)
  An orc knight (Orc:2)
  Maurice (D:8)
  A centaur zombie (D:12)
  2 spiny frogs
  2 komodo dragons (Lair:6)
  A polar bear (Lair:6)
  2 trolls (D:14)
  2 blink frogs
  2 hippogriffs
  9 dream sheep
  A shadow (D:14)
  A wraith (Lair:5)
  5 yaks
  A basilisk (Lair:6)
  A vampire mosquito (D:14)
  A hungry ghost (D:12)
  A warg (Orc:1)
  A hell hound (Lair:6)
  A water moccasin (Lair:5)
  A porcupine (Lair:2)
  An ice beast (D:5)
  6 orc warriors (Orc:2)
  3 sky beasts
  A slave (D:4)
  3 centaurs
  2 crocodiles
  A bullfrog (Lair:4)
  A scorpion (D:14)
  A killer bee (D:11)
  A jelly (Lair:6)
  A hound (D:14)
  2 orc wizards (D:14)
  A worker ant (D:7)
  An adder (D:5)
  An ooze (Lair:6)
  6 orcs
  A quokka skeleton (D:5)
84 creatures vanquished.

Vanquished Creatures (others)
  An orc warrior (D:10)
  2 orcs (D:10)
  3 fungi
  2 plants (Lair:6)
8 creatures vanquished.

Grand Total: 690 creatures vanquished

Notes
Turn   | Place    | Note
-------+----------+-------------------------------------------
     0 | D:1      | troglodite the Demonspawn Berserker began the quest for the Orb.
     0 | D:1      | Reached XP level 1. HP: 18/18 MP: 1/1
   245 | D:1      | Gained mutation: You are partially covered in yellow scales. (AC +2) [demonic ancestry]
   245 | D:1      | Reached XP level 2. HP: 23/24 MP: 2/2
   819 | D:1      | Reached XP level 3. HP: 26/30 MP: 3/3
  1260 | D:2      | Reached ** piety under Trog
  1504 | D:2      | Gained mutation: You have a pair of small horns on your head. [demonic ancestry]
  1504 | D:2      | Reached XP level 4. HP: 36/37 MP: 4/4
  2068 | D:3      | Found a glowing golden altar of the Shining One.
  2307 | D:3      | Reached XP level 5. HP: 43/43 MP: 5/5
  2346 | D:3      | Reached *** piety under Trog
  3052 | D:4      | Found a staircase to the Ecumenical Temple.
  3059 | D:4      | Noticed LittleStrapony's ghost (amateur DrBe)
  3096 | D:4      | Killed LittleStrapony's ghost
  3096 | D:4      | Reached skill level 5 in Fighting
  3096 | D:4      | Gained mutation: A weak demonic guardian rushes to your aid. [demonic ancestry]
  3096 | D:4      | Reached XP level 6. HP: 9/51 MP: 6/6
  3443 | D:4      | Found Ijiomyd's General Store.
  3840 | D:4      | Noticed a slave
  3841 | D:4      | Noticed a slave
  3842 | D:4      | Noticed Pikel
  3843 | D:4      | Noticed a slave
  3845 | D:4      | Killed a slave
  3849 | D:4      | Noticed a slave
  3854 | D:4      | Killed Pikel
  3854 | D:4      | Reached skill level 1 in Stealth
  3854 | D:4      | Reached XP level 7. HP: 54/57 MP: 7/7
  4056 | D:4      | Reached XP level 8. HP: 54/64 MP: 8/8
  4219 | D:5      | Entered Level 5 of the Dungeon
  4235 | D:5      | Reached skill level 5 in Long Blades
  4331 | D:5      | Reached skill level 5 in Armour
  5117 | D:6      | Noticed Duvessa
  5120 | D:6      | Noticed Dowan
  5130 | D:6      | Reached **** piety under Trog
  5142 | D:6      | Killed Duvessa
  5159 | D:6      | Killed Dowan
  5317 | D:6      | Gained mutation: You have a pair of horns on your head. [demonic ancestry]
  5317 | D:6      | Reached XP level 9. HP: 72/72 MP: 9/9
  5423 | D:6      | Found a sacrificial altar of Ru.
  5494 | D:6      | Found Duuwuocw's General Store.
  5798 | D:7      | Got a fine flail
  5799 | D:7      | Identified the +8 flail "Wyonicro" {freeze, *Rage rPois Int+7} (You found it on level 7 of the Dungeon)
  6104 | D:7      | Noticed zapotec's ghost (novice GrFi)
  6111 | D:7      | Killed zapotec's ghost
  6111 | D:7      | Reached skill level 1 in Maces & Flails
  6133 | D:7      | Found a snail-covered altar of Cheibriados.
  6826 | D:7      | You fall through a shaft for 3 floors!
  6826 | D:10     | Entered Level 10 of the Dungeon
  6829 | D:10     | Reached skill level 5 in Dodging
  6893 | D:9      | Noticed a two-headed ogre
  6897 | D:9      | Killed a two-headed ogre
  6897 | D:9      | Reached skill level 1 in Shields
  6998 | D:8      | Reached XP level 10. HP: 80/80 MP: 10/10
  7132 | D:8      | Reached ***** piety under Trog
  7883 | D:8      | Found a shattered altar of Ashenzari.
  8010 | D:8      | Noticed Maurice
  8254 | D:8      | Found a staircase to the Lair.
  8398 | D:9      | Noticed a two-headed ogre
  8405 | D:9      | Killed a two-headed ogre
  8506 | D:9      | Noticed a two-headed ogre
  8512 | D:9      | Killed a two-headed ogre
  8512 | D:9      | Reached skill level 5 in Maces & Flails
  8575 | D:9      | Found an opulent altar of Gozag.
  8686 | D:9      | Noticed Psyche
  8696 | D:9      | Killed Psyche
  8861 | D:9      | Found a shadowy altar of Dithmenos.
  8951 | D:9      | Found a hide-covered altar of Uskayaw.
  8960 | D:9      | Found a blossoming altar of Fedhas.
  9087 | D:10     | Received a gift from Trog
  9293 | D:10     | Noticed a deep elf mage
  9298 | D:10     | Killed a deep elf mage
  9298 | D:10     | Reached XP level 11. HP: 82/87 MP: 11/11
 10784 | D:11     | Noticed a cyan ugly thing
 11034 | D:11     | Killed a cyan ugly thing
 11852 | D:11     | Received a gift from Trog
 12085 | D:12     | Noticed Urug
 12085 | D:12     | Noticed a two-headed ogre
 12452 | D:12     | Killed Urug
 12452 | D:12     | Reached skill level 5 in Shields
 12520 | D:12     | Killed a two-headed ogre
 12536 | D:12     | Gained mutation: A demonic guardian rushes to your aid. [demonic ancestry]
 12536 | D:12     | Reached XP level 12. HP: 82/96 MP: 12/12
 12766 | D:12     | Upgraded the game from 0.21.1-1-g345015f to 0.21.1-68-g103a7af
 12859 | D:12     | Found a staircase to the Orcish Mines.
 14106 | D:13     | Noticed a two-headed ogre
 14114 | D:13     | Killed a two-headed ogre
 14168 | D:13     | Reached skill level 10 in Armour
 14724 | D:13     | Reached skill level 10 in Fighting
 15447 | D:14     | Got a dazzling bardiche
 15962 | D:13     | Identified the +5 bardiche of the Gnat {chop, rN+ MP+9 Dex+2} (You found it on level 14 of the Dungeon)
 16106 | D:14     | Found a gate to the Vaults.
 16106 | D:14     | Noticed a vault guard
 16106 | D:14     | Noticed a vault guard
 16106 | D:14     | Noticed a vault guard
 16106 | D:14     | Noticed a vault guard
 16110 | D:14     | Killed a vault guard
 16535 | D:8      | Paralysed by Maurice for 2 turns
 16538 | D:8      | Killed Maurice
 16665 | Orc:1    | Entered Level 1 of the Orcish Mines
 16665 | Orc:1    | Noticed an orc high priest
 16674 | Orc:1    | Killed an orc high priest
 17570 | Orc:2    | Entered Level 2 of the Orcish Mines
 17658 | Orc:2    | Received a gift from Trog
 17668 | Orc:2    | Gained mutation: You sometimes gain a little power by taking damage. [demonic ancestry]
 17668 | Orc:2    | Reached XP level 13. HP: 24/104 MP: 13/13
 18036 | Orc:2    | Noticed zapotec's ghost (journeyman GnAs)
 18055 | Orc:2    | Killed zapotec's ghost
 18294 | Orc:2    | Found a roughly hewn altar of Beogh.
 18676 | Orc:2    | Found a staircase to the Elven Halls.
 19379 | Orc:2    | Found Gox Teewk's Assorted Antiques.
 19379 | Orc:2    | Found Bazxoa's Weapon Emporium.
 19381 | Orc:2    | Found Ceicatuc's Food Shoppe.
 19383 | Orc:2    | Found Ypeuw's Antique Weapon Shop.
 19806 | D:4      | Bought the +18 shield of the Gong {rElec rN+ MR+ EV-5} for 973 gold pieces
 19806 | D:4      | Found the +18 shield of the Gong {rElec rN+ MR+ EV-5}
 19965 | Lair:1   | Entered Level 1 of the Lair of Beasts
 20754 | Lair:2   | Noticed Fannar
 20800 | Lair:2   | Noticed Nergalle
 20852 | Lair:2   | Killed Nergalle
 20888 | Lair:2   | Reached ****** piety under Trog
 20910 | Lair:2   | Killed Fannar
 21304 | Lair:2   | Reached skill level 10 in Long Blades
 21407 | Lair:2   | Received a gift from Trog
 22324 | Lair:3   | Noticed Rupert
 22338 | Lair:3   | Killed Rupert
 22355 | Lair:3   | Found a staircase to the Snake Pit.
 23184 | Lair:4   | Reached XP level 14. HP: 113/113 MP: 14/14
 23393 | Lair:4   | Found a staircase to the Swamp.
 23736 | Lair:5   | Reached skill level 10 in Shields
 23747 | Lair:5   | Noticed Josephine
 23752 | Lair:5   | Killed Josephine
 24122 | Lair:5   | Received a gift from Trog
 24902 | Lair:6   | Entered Level 6 of the Lair of Beasts
 25580 | Lair:6   | Found a staircase to the Slime Pits.
 26068 | Lair:6   | Received a gift from Trog
 26070 | Lair:6   | Found a large runed door.
 26155 | Lair:6   | Found a large runed door.
 26685 | Swamp:1  | Entered Level 1 of the Swamp
 26787 | Swamp:1  | Noticed Roxanne
 26809 | Swamp:1  | Killed Roxanne
 26812 | Swamp:1  | Slain by a tyrant leech

Skill      XL: |  1  2  3  4  5  6  7  8  9 10 11 12 13 14 |
---------------+-------------------------------------------+-----
Armour         | 2 3 4 5 7 8 9 10 11 | 11.9
Dodging        | 2 3 4 5 6 7 8 9 |  9.0
Fighting       | 4 5 6 7 8 9 10 11 | 11.7
Long Blades    | 3 4 6 7 8 9 10 | 10.7
Stealth        | 1 2 |  2.4
Maces & Flails | 2 5 |  5.2
Shields        | 1 3 5 7 9 11 | 11.2

Action                   |  1- 3 |  4- 6 |  7- 9 | 10-12 | 13-15 || total
-------------------------+-------+-------+-------+-------+-------++-------
Melee: Falchion          |   102 |   147 |   272 |       |       ||   521
       Headbutt          |       |    37 |    83 |   173 |   263 ||   556
       Flail             |       |       |    60 |   117 |       ||   177
       Long sword        |       |       |       |   644 |   861 ||  1505
Invok: Berserk           |     1 |     4 |     6 |    19 |     8 ||    38
       Burn Spellbooks   |     1 |       |       |     4 |     2 ||     7
       Brothers in Arms  |       |       |       |     3 |     1 ||     4
  Use: Potion            |       |     3 |       |       |       ||     3
       Scroll            |       |       |     4 |    16 |    11 ||    31
 Stab: Sleeping          |     1 |       |       |       |       ||     1
       Distracted        |       |       |     1 |     4 |     6 ||    11
  Eat: Chunk             |     3 |    10 |    14 |    40 |    15 ||    82
       Ration            |       |       |     1 |     6 |     7 ||    14
Armor: Animal skin       |    30 |       |       |       |       ||    30
       Ring mail         |     2 |    35 |       |       |       ||    37
       Plate armour      |       |    36 |   233 |   250 |       ||   519
       Chain mail        |       |       |       |   382 |   226 ||   608
Dodge: Dodged            |    88 |    88 |   166 |   305 |   132 ||   779
Block: Shield            |       |       |     9 |   506 |   964 ||  1479
       Reflection        |       |       |       |       |     9 ||     9
       Rpst.: Falchion   |    27 |    27 |    33 |       |       ||    87
       Long sword        |       |       |       |    65 |    29 ||    94
